[Event "Early-Titled-Tuesday-Blitz-February-06-2024"]
[Site "Chess.com"]
[Date "2024.02.06"]
[Round "3"]
[White "GMG"]
[Black "SergioMoralesG"]
[Result "1-0"]
[WhiteElo "2677"]
[BlackElo "2461"]
[TimeControl "180+1"]
[EndTime "8:26:51 PST"]
[Termination "GMG won on time"]

1. Nf3 c5 2. c4 Nc6 3. Nc3 Nf6 4. d4 cxd4 5. Nxd4 e6 6. g3 Bc5 7. Nb3 Be7 8. Bg2 O-O 9. O-O b6 10. Bf4 a6 11. Nd5 exd5 12. cxd5 Bb7 13. d6 Re8 14. dxe7 Qxe7 15. Re1 d5 16. Be3 d4 17. Nxd4 Nxd4 18.
Qxd4 Bxg2 19. Kxg2 Rad8 20. Qxb6 Nd5 21. Qb3 Qe4+ 22. Kg1 Rb8 23. Qa3 Nxe3 24. fxe3 h5 25. Rad1 Qe5 26. Rd4 Qxe3+ 27. Qxe3 Rxe3 28. Kf2 Re5 29. b3 Rc5 30. Red1 Rb6 31. Rd5 1-0

[Event "Early-Titled-Tuesday-Blitz-February-06-2024"]
[Site "Chess.com"]
[Date "2024.02.06"]
[Round "3"]
[White "19912131712118"]
[Black "Willhaven3"]
[Result "0-1"]
[WhiteElo "2424"]
[BlackElo "2628"]
[TimeControl "180+1"]
[EndTime "8:26:51 PST"]
[Termination "Willhaven3 won by resignation"]

1. e4 c5 2. Nf3 Nc6 3. d4 cxd4 4. Nxd4 Nf6 5. Nc3 d6 6. Bg5 e6 7. Qd2 a6 8. O-O-O h6 9. Bh4 Nxe4 10. Nxe4 Qxh4 11.
Nxc6 Qxe4 12. Nd4 Be7 13. Re1 Qd5 14. c4 Qc5 15. Nb3 Qc7 16. Kb1 e5 17. f4 O-O 18.
Bd3 a5 19. Rhg1 a4 20. Nc1 f5 21. g4 fxg4 22. fxe5 dxe5 23. Ne2 a3 24. Nc3 Bc5 25. Nd5 Qd6 26. Rg2 axb2 27. Qxb2 Bd4 28. Qc2 Be6 29. Be4 Kh8 30. Qd3 b5 31. Rf1 bxc4 32. Qxc4 Rfc8 33. Qb3 Rab8 0-1

[Event "Early-Titled-Tuesday-Blitz-February-06-2024"]
[Site "Chess.com"]
[Date "2024.02.06"]
[Round "3"]
[White "amintabatabaei"]
[Black "colegiodemadrid"]
[Result "1-0"]
[WhiteElo "2947"]
[BlackElo "2508"]
[TimeControl "180+1"]
[EndTime "8:26:52 PST"]
[Termination "amintabatabaei won by resignation"]

1. Nc3 e5 2. Nf3 Nc6 3. d4 exd4 4. Nxd4 Nf6 5. Bg5 Bb4 6. Qd3 h6 7. Bh4 O-O 8. O-O-O Nxd4 9. Qxd4 Be7 10. g4 Nh7 11.
Bxe7 Qxe7 12. h4 c6 13. g5 h5 14. e4 Re8 15. Rg1 Nf8 16. Be2 g6 17. f4 a5 18. e5 Qb4 19. Ne4 Qxd4 20. Nf6+ Kh8 21. Rxd4 Re7 22. Rd6 Ne6 23. Rf1 Ng7 24. Bd3 a4 25. a3 Ra5 26. Kd2 Ne8 27. Nxe8 Rxe8 28. Kc3 Kg7 29. Kb4 b6 30. Re1 Re6 31. Rxe6 dxe6 32. Be4 c5+ 33. Kc3 Ra7 34. Rd1 Rd7 35. Rxd7 Bxd7 36. Kc4 Kf8 37. Bb7 Ke7 38. Ba6 Bc6 39. Bb5 Kd7 40. b4 axb3 41. cxb3 Kc7 42. Bxc6 Kxc6 43. a4 b5+ 44. axb5+ Kb6 45. b4 cxb4 46.
Kxb4 Kb7 47. Kc5 Kc7 48. b6+ Kd7 49. Kb5 Kc8 50. Kc6 1-0

[Event "Early-Titled-Tuesday-Blitz-February-06-2024"]
[Site "Chess.com"]
[Date "2024.02.06"]
[Round "3"]
[White "starworld123"]
[Black "Aariow"]
[Result "1-0"]
[WhiteElo "2825"]
[BlackElo "2498"]
[TimeControl "180+1"]
[EndTime "8:26:53 PST"]
[Termination "starworld123 won by checkmate"]

1. a3 d5 2. c3 Nf6 3. Nf3 g6 4. d4 Bg7 5. Bf4 O-O 6. Nbd2 c5 7. e3 b6 8. h3 Nc6 9. b4 c4 10. Be2 Re8 11. O-O Nh5 12. Bh2 e5 13. Nxe5 Nxe5 14.
dxe5 Bxe5 15. Bxh5 gxh5 16. Bxe5 Rxe5 17. Nxc4 Rg5 18.
f4 Rg7 19. Rf3 Bxh3 20. Rxh3 dxc4 21. Rxh5 Qe7 22. Re5 Qh4 23. Qd5 Rd8 24. Rd1 Rxd5 25. Re8# 1-0

[Event "Early-Titled-Tuesday-Blitz-February-06-2024"]
[Site "Chess.com"]
[Date "2024.02.06"]
[Round "3"]
[White "Kildepiotr"]
[Black "AlmasRakhmatullaev"]
[Result "0-1"]
[WhiteElo "2685"]
[BlackElo "2897"]
[TimeControl "180+1"]
[EndTime "8:26:54 PST"]
[Termination "AlmasRakhmatullaev won by resignation"]

1. Nf3 d5 2. g3 e6 3. Bg2 Nf6 4.
O-O Be7 5. d3 O-O 6. Nbd2 b6 7.
e4 Bb7 8. Qe2 c5 9. e5 Nfd7 10.
c3 Nc6 11. Re1 Rc8 12. h4 Qc7 13. Nf1 d4 14. c4 Rce8 15. Bf4 Qc8 16. h5 f5 17.
exf6 Bxf6 18. h6 e5 19. hxg7 Bxg7 20. Ng5 Nb4 21. Bxb7 Qxb7 22. Bc1 e4 23. Nxe4 Ne5 24. Nh2 Nexd3 25. Bg5 Nxe1 26. Rxe1 d3 27. Qg4 Kh8 28. Nf3 Nc2 0-1

[Event "Early-Titled-Tuesday-Blitz-February-06-2024"]
[Site "Chess.com"]
[Date "2024.02.06"]
[Round "3"]
[White "tylityli"]
[Black "m_ezat"]
[Result "0-1"]
[WhiteElo "2248"]
[BlackElo "2469"]
[TimeControl "180+1"]
[EndTime "8:26:55 PST"]
[Termination "m_ezat won on time"]

1. d4 Nf6 2. c4 c5 3. d5 e5 4. Nc3 d6 5. e4 g6 6. Nge2 Bg7 7. Ng3 O-O 8. Be2 Ne8 9. O-O f5 10.
exf5 gxf5 11. f4 Nd7 12. Nh5 Bh8 13. fxe5 Nxe5 14. Bh6 Rf7 15. Qe1 Nf6 16. Qg3+ Ng6 17. Bg5 Nxh5 18. Bxh5 Bf6 19. Bf4 Rg7 20. Bh6 Be5 21. Qf2 Bd4 22. Be3 Be5 23. g3 f4 24.
Bd2 Bd4 0-1

[Event "Early-Titled-Tuesday-Blitz-February-06-2024"]
[Site "Chess.com"]
[Date "2024.02.06"]
[Round "3"]
[White "ideika"]
[Black "DonMicheleCorleone"]
[Result "0-1"]
[WhiteElo "2122"]
[BlackElo "2388"]
[TimeControl "180+1"]
[EndTime "8:26:55 PST"]
[Termination "DonMicheleCorleone won by checkmate"]

1. e4 Nf6 2. e5 Nd5 3. d4 d6 4.
f4 dxe5 5. fxe5 Nd7 6. c3 e6 7. Nf3 Be7 8. Bd3 c5 9. h4 Qb6 10. Ng5 Nf8 11. Qf3 Bxg5 12. hxg5 cxd4 13. g6 Nxg6 14.
Bxg6 fxg6 15. Qd3 dxc3 16. Nxc3 O-O 17. Qh3 Qf2+ 18. Kd1 Nxc3+ 19. bxc3 h5 20. Be3 Qb2 21. Rc1 Bd7 22. Qg3 Ba4+ 23. Ke1 Bc2 24. Qh3 Bf5 25. Qg3 Bg4 26. Bf4 Qe2# 0-1

[Event "Early-Titled-Tuesday-Blitz-February-06-2024"]
[Site "Chess.com"]
[Date "2024.02.06"]
[Round "3"]
[White "LyonBeast"]
[Black "MyDream003"]
[Result "1-0"]
[WhiteElo "3151"]
[BlackElo "2764"]
[TimeControl "180+1"]
[EndTime "8:26:56 PST"]
[Termination "LyonBeast won on time"]

1. e4 e5 2. Nf3 Nc6 3. Bc4 Bc5 4. c3 Nf6 5. d3 d6 6. O-O h6 7. Nbd2 a6 8. a4 Ba7 9. Re1 O-O 10. h3 Ne7 11. d4 Ng6 12. Nf1 Re8 13. Ng3 Be6 14.
Bd3 c6 15. Be3 a5 16. Qd2 Qe7 17. Nf5 Qf8 18. Bc2 Rad8 19. Rad1 d5 20. exd5 Nxd5 21. Nxh6+ gxh6 22. Bxh6 Qe7 23. Bg5 f6 24. Bxg6 fxg5 25. Bxe8 Rxe8 26. Rxe5 g4 27. Ng5 Qf6 28. Rde1 Nc7 29.
hxg4 Re7 30. Qe2 1-0

[Event "Early-Titled-Tuesday-Blitz-February-06-2024"]
[Site "Chess.com"]
[Date "2024.02.06"]
[Round "3"]
[White "NikitaShnadrygin"]
[Black "ImportedItalianMaple"]
[Result "1/2-1/2"]
[WhiteElo "2693"]
[BlackElo "2479"]
[TimeControl "180+1"]
[EndTime "8:26:58 PST"]
[Termination "Game drawn by repetition"]

1. e4 g6 2. d4 Bg7 3. Nc3 d5 4.
exd5 Nf6 5. Bc4 Nbd7 6. Nge2 Nb6 7. Bb3 a5 8. a3 a4 9. Ba2 Nfxd5 10. Nxd5 Nxd5 11. O-O O-O 12. c4 Nf6 13. h3 c5 14. Be3 cxd4 15. Nxd4 b6 16. Qf3 Ba6 17. Rfd1 Qc7 18. Nb5 Bxb5 19. cxb5 Nd7 20. Rac1 Nc5 21. Rd2 e6 22. Rdc2 Ra5 23. Bxc5 bxc5 24. Rxc5 Qb8 25.
Qe2 Bd4 26. R5c4 Bf6 27. Rc5 Bd4 28. R5c4 Bf6 29. Rc5 Bd4 1/2-1/2

[Event "Early-Titled-Tuesday-Blitz-February-06-2024"]
[Site "Chess.com"]
[Date "2024.02.06"]
[Round "3"]
[White "ChessLebaneseSalah"]
[Black "Sanyura"]
[Result "0-1"]
[WhiteElo "2460"]
[BlackElo "2677"]
[TimeControl "180+1"]
[EndTime "8:26:58 PST"]
[Termination "Sanyura won by resignation"]

1. e4 c5 2. Nf3 e6 3. c3 d5 4. e5 d4 5. Na3 Ne7 6. Bb5+ Nbc6 7.
O-O Ng6 8. Qa4 Bd7 9. cxd4 a6 10. Bxc6 Bxc6 11. Qd1 cxd4 12. Re1 Bc5 13. d3 O-O 14.
Bg5 Qd5 15. Nc4 h6 16. Bd2 b6 17. b4 b5 18. Na5 Bb6 19. Nxc6 Qxc6 20. Rc1 Qd5 21.
Qc2 Rfc8 22. Qxc8+ Rxc8 23. Rxc8+ Kh7 24. Rc2 Ne7 25. Rec1 g5 26. Bxg5 hxg5 27. Nxg5+ Kg7 28. Ne4 Qxe5 29. g3 Nd5 30. Rc6 Nxb4 31. f4 Qd5 32. Rd6 Qb7 33. Rd1 Nxd3 34. Ng5 Nb2 35. Rd2 d3+ 36.
Rxb6 Qxb6+ 37. Kg2 Qd4 38. Nf3 Qc3 39. h4 Nc4 40. Rf2 d2 41. g4 d1=Q 0-1

[Event "Early-Titled-Tuesday-Blitz-February-06-2024"]
[Site "Chess.com"]
[Date "2024.02.06"]
[Round "3"]
[White "mkllnd1517"]
[Black "stratacticos"]
[Result "1-0"]
[WhiteElo "2364"]
[BlackElo "2041"]
[TimeControl "180+1"]
[EndTime "8:26:58 PST"]
[Termination "mkllnd1517 won by resignation"]

1. Nf3 c5 2. c4 Nc6 3. Nc3 Nf6 4. d4 Nxd4 5. Nxd4 cxd4 6. Qxd4 g6 7.
e4 Bg7 8. Be2 O-O 9. O-O d6 10.
h3 Be6 11. Qd3 Nd7 12. b3 Rc8 13. Be3 b5 14. Nxb5 Bxa1 15. Rxa1 a6 16. Nd4 Nc5 17. Qc2 Bd7 18. Bh6 Re8 19. Rd1 e5 20. Nf3 Bc6 21. Nd2 Qh4 22. Be3 Bxe4 23. Nxe4 Qxe4 24. Qd2 Qc6 25.
Qxd6 Qxd6 26. Rxd6 Ne4 27. Rxa6 Rcd8 28. c5 Nc3 29. Bc4 Kg7 30. b4 Ra8 31. Rxa8 Rxa8 32. c6 Nxa2 33. b5 Nb4 34. c7 Nc2 35. b6 Nxe3 36.
fxe3 Rc8 37. Ba6 1-0

[Event "Early-Titled-Tuesday-Blitz-February-06-2024"]
[Site "Chess.com"]
[Date "2024.02.06"]
[Round "3"]
[White "toninhojit"]
[Black "artin10862"]
[Result "0-1"]
[WhiteElo "2509"]
[BlackElo "2950"]
[TimeControl "180+1"]
[EndTime "8:26:59 PST"]
[Termination "artin10862 won by resignation"]

1. d4 d5 2. c4 dxc4 3. Nf3 a6 4. a4 e6 5. e3 c5 6. Bxc4 cxd4 7. exd4 Nf6 8. O-O Be7 9. Nc3 O-O 10. Bg5 Nc6 11. Qd3 h6 12. Bh4 Nh5 13. Bxe7 Nxe7 14. Bb3 b6 15.
Bc2 Nf6 16. Ne5 Bb7 17. Ng4 Ng6 18. Qg3 Nh5 19. Qe3 Nhf4 20. f3 Qg5 21. g3 Nh3+ 22. Kg2 Qxg4 23. Be4 Bxe4 24. Nxe4 Qh5 25. g4 Nhf4+ 26. Kh1 Qd5 27. Nc3 Qd7 28. h4 Nd5 29.
Qf2 Nxc3 30. bxc3 Rac8 31. h5 Nf4 32. Qg3 Ne2 33. Qg2 Nxc3 34. g5 hxg5 35. Qxg5 Qd5 36. Qg4 Qf5 37. Qh4 Nd5 38. Rg1 Qxf3+ 39. Kh2 Rc2+ 0-1

[Event "Early-Titled-Tuesday-Blitz-February-06-2024"]
[Site "Chess.com"]
[Date "2024.02.06"]
[Round "3"]
[White "AniJak"]
[Black "Kazan28"]
[Result "0-1"]
[WhiteElo "2392"]
[BlackElo "2584"]
[TimeControl "180+1"]
[EndTime "8:26:59 PST"]
[Termination "Kazan28 won by resignation"]

1. e4 d6 2. d4 Nf6 3. Nc3 e5 4.
Nge2 c6 5. a4 Be7 6. g3 O-O 7.
Bg2 Re8 8. O-O Bf8 9. h3 Nbd7 10. Be3 exd4 11. Nxd4 Nc5 12. Bg5 h6 13. Bxf6 Qxf6 14.
b4 Ne6 15. Nce2 Ng5 16. Qd3 Nxh3+ 17. Kh2 Nxf2 18. Qf3 Ng4+ 19. Kg1 Qxf3 20. Bxf3 Ne5 21. Bg2 Be6 22. Nxe6 Rxe6 23. Nd4 Ree8 24. Rad1 g6 25. c3 h5 26. Ne2 Rac8 27. Bh3 Rc7 28. Nf4 a5 29.
Nd3 Ra8 30. Nxe5 dxe5 31. bxa5 Rxa5 32. Rd8 Rxa4 33. Be6 fxe6 34. Rfxf8+ Kg7 35. Rh8 Rxe4 36. Kg2 Re3 37. Kh3 Rxc3 38. Kh4 Rc4+ 39. Kh3 Kf6 40.
Rhf8+ Rf7 41. Rde8 Rxf8 42. Rxf8+ Kg5 0-1

[Event "Early-Titled-Tuesday-Blitz-February-06-2024"]
[Site "Chess.com"]
[Date "2024.02.06"]
[Round "3"]
[White "nekotyanof"]
[Black "edgarhay012"]
[Result "0-1"]
[WhiteElo "2640"]
[BlackElo "2510"]
[TimeControl "180+1"]
[EndTime "8:27:00 PST"]
[Termination "edgarhay012 won by resignation"]

1. e4 c5 2. Nf3 e6 3. Nc3 Nc6 4. d4 cxd4 5. Nxd4 Nf6 6. Ndb5 Bb4 7. a3 Bxc3+ 8. Nxc3 d5 9. exd5 exd5 10. Bg5 Be6 11.
Be2 h6 12. Bxf6 Qxf6 13. O-O Rd8 14. Bg4 O-O 15. Re1 Rfe8 16. Bxe6 fxe6 17. Qd2 Ne5 18.
b3 Rc8 19. Nb5 Rf8 20. Nd4 Rce8 21. Rad1 Ng6 22. Nb5 Nh4 23. Re3 a6 24. Nd4 e5 25.
Rde1 Qg5 26. f4 Rxf4 27. Rg3 Rf1+ 0-1

[Event "Early-Titled-Tuesday-Blitz-February-06-2024"]
[Site "Chess.com"]
[Date "2024.02.06"]
[Round "3"]
[White "Tsschessulover"]
[Black "FlemingA"]
[Result "0-1"]
[WhiteElo "2597"]
[BlackElo "2431"]
[TimeControl "180+1"]
[EndTime "8:27:01 PST"]
[Termination "FlemingA won by resignation"]

1. Nf3 g6 2. e4 Bg7 3. d4 a6 4. a4 d6 5. Bc4 e6 6. Nc3 b6 7. O-O Bb7 8. Re1 Ne7 9. h4 h6 10.
Bd3 Nd7 11. Ne2 c5 12. c3 Qc7 13. Ng3 Nc6 14. Be3 Rc8 15. Rc1 Qb8 16. Qd2 Qa8 17.
b4 Ne7 18. Qe2 Nc6 19. b5 Ncb8 20. d5 exd5 21. exd5 O-O 22. c4 axb5 23. axb5 Rfe8 24. Qd2 Ne5 25. Nxe5 Bxe5 26. Bxh6 Nd7 27. h5 Kh7 28. hxg6+ fxg6 29. Bxg6+ Kxg6 30. Qg5+ Kf7 31. Qg7+ Bxg7 0-1

[Event "Early-Titled-Tuesday-Blitz-February-06-2024"]
[Site "Chess.com"]
[Date "2024.02.06"]
[Round "3"]
[White "Ruchess27"]
[Black "PawnEatingZombie"]
[Result "1-0"]
[WhiteElo "2455"]
[BlackElo "2206"]
[TimeControl "180+1"]
[EndTime "8:27:01 PST"]
[Termination "Ruchess27 won by resignation"]

1. d4 Nf6 2. c4 g6 3. Nf3 Bg7 4. g3 O-O 5. Bg2 d6 6. O-O Nc6 7. Nc3 e5 8. d5 Ne7 9. e4 Nd7 10.
Ne1 h6 11. Nd3 f5 12. f4 exf4 13. Nxf4 Ne5 14. Qe2 c6 15. Be3 Qe8 16. Rae1 Ng4 17. Bd2 Bd4+ 18. Kh1 g5 19. exf5 Bxf5 20. Ne6 Qh5 21. h3 Bd3 22. Qxg4 Qxg4 23. Rxf8+ Rxf8 24. hxg4 Bf2 1-0

[Event "Early-Titled-Tuesday-Blitz-February-06-2024"]
[Site "Chess.com"]
[Date "2024.02.06"]
[Round "3"]
[White "Omranalhosani21"]
[Black "Vaathi_Coming"]
[Result "0-1"]
[WhiteElo "2507"]
[BlackElo "2934"]
[TimeControl "180+1"]
[EndTime "8:27:04 PST"]
[Termination "Vaathi_Coming won on time"]

1. d4 d5 2. c4 Nc6 3. Nc3 Nf6 4. Nf3 dxc4 5. d5 Na5 6. e4 c6 7. Be2 e6 8. d6 b5 9. e5 Nd5 10. Ne4 f5 11. Ng3 g6 12. h4 h6 13. Nd4 Bg7 14. f4 Qb6 15. Nf1 Nb7 16. Nf3 Bd7 17. h5 gxh5 18. Nh4 O-O-O 19. Rh3 Rhg8 20. Be3 Nxe3 21.
Nxe3 Nc5 22. Ng6 Bf8 23. Bxh5 Rxg6 24. Bxg6 Nd3+ 25. Kf1 Nxf4 26. Bh5 Nxh3 27. Qd2 Ng5 28. Bf3 Bg7 0-1

[Event "Early-Titled-Tuesday-Blitz-February-06-2024"]
[Site "Chess.com"]
[Date "2024.02.06"]
[Round "3"]
[White "ReinisUz"]
[Black "Confused_3"]
[Result "1-0"]
[WhiteElo "2353"]
[BlackElo "2025"]
[TimeControl "180+1"]
[EndTime "8:27:04 PST"]
[Termination "ReinisUz won by resignation"]

1. c4 e6 2. Nc3 d5 3. cxd5 exd5 4. d4 c6 5. Qc2 Ne7 6. Nf3 Bf5 7. Qb3 Qc8 8. Bf4 Nd7 9. e3 g6 10. Be2 Bg7 11. h3 O-O 12. g4 Be6 13. Ng5 Nb6 14.
Nxe6 fxe6 15. O-O-O Nd7 16. Bd6 Re8 17. f4 c5 18. Be5 Nxe5 19. dxe5 a6 20. h4 b5 21. h5 b4 22. Nb1 Qb7 23. Qc2 c4 24. hxg6 hxg6 25.
Bf3 Rec8 26. Qh2 Qb6 27. Rde1 Qa5 28. f5 exf5 29. gxf5 Nxf5 30. Qh7+ Kf7 31. e6+ Ke7 32. Qxg6 c3 33. Qf7+ Kd6 34. Qxf5 cxb2+ 35. Kd1 Rc1+ 36. Ke2 Qb5+ 37. Qd3 Qxd3+ 38. Kxd3 Rxe1 39. Rxe1 Kxe6 40. e4 Rc8 41. Bg4+ 1-0

[Event "Early-Titled-Tuesday-Blitz-February-06-2024"]
[Site "Chess.com"]
[Date "2024.02.06"]
[Round "3"]
[White "Akewjon"]
[Black "nihalsarin"]
[Result "0-1"]
[WhiteElo "2758"]
[BlackElo "3122"]
[TimeControl "180+1"]
[EndTime "8:27:05 PST"]
[Termination "nihalsarin won on time"]

1. Nf3 a6 2. c4 b5 3. e4 Bb7 4.
Qc2 Nf6 5. e5 Bxf3 6. gxf3 Nh5 7. d4 Nc6 8. Be3 e6 9. cxb5 axb5 10. Bxb5 Nb4 11. Qb3 Rb8 12. Qa4 Nd5 13. Nd2 c6 14.
Bc4 Nxe3 15. fxe3 Rxb2 16. Ke2 Bb4 17. Rad1 O-O 18. Bb3 Qb6 19. Kd3 Qb7 20. Nc4 Rf2 21.
a3 Be7 22. Bc2 c5 23. Rb1 Nf4+ 0-1

[Event "Early-Titled-Tuesday-Blitz-February-06-2024"]
[Site "Chess.com"]
[Date "2024.02.06"]
[Round "3"]
[White "ChessSwole"]
[Black "DeArron_Fox"]
[Result "0-1"]
[WhiteElo "2677"]
[BlackElo "2485"]
[TimeControl "180+1"]
[EndTime "8:27:05 PST"]
[Termination "DeArron_Fox won by resignation"]

1. e4 c5 2. Nc3 e6 3. d4 cxd4 4.
Qxd4 Nc6 5. Qd3 Nf6 6. Bf4 Bc5 7.
O-O-O O-O 8. f3 a6 9. g4 b5 10. h4 Qa5 11. Kb1 Bb7 12. h5 d5 13. e5 Nd7 14. g5 Nb4 15. Qe2 d4 16. a3 dxc3 17.
Rxd7 cxb2 18. c3 Nd5 19. Bd2 Qxa3 20. Kc2 Qb3+ 21. Kb1 Qa3 22. Kc2 Qa2 0-1

[Event "Early-Titled-Tuesday-Blitz-February-06-2024"]
[Site "Chess.com"]
[Date "2024.02.06"]
[Round "3"]
[White "flomarechot"]
[Black "Flawless_Fighter"]
[Result "0-1"]
[WhiteElo "2305"]
[BlackElo "2743"]
[TimeControl "180+1"]
[EndTime "8:27:05 PST"]
[Termination "Flawless_Fighter won by checkmate"]

1. Nf3 d5 2. b3 Nf6 3. Bb2 e6 4. e3 Be7 5. d4 O-O 6. Be2 b6 7.
O-O Bb7 8. c4 c5 9. cxd5 Nxd5 10. Nc3 Nxc3 11. Bxc3 Nd7 12. Rc1 Rc8 13. Bd3 cxd4 14.
Bxd4 Rxc1 15. Qxc1 e5 16. Bxe5 Bxf3 17. Bc7 Qa8 18.
gxf3 Qxf3 19. Qd1 Qc6 20. Bg3 Nc5 21. Bc4 Rd8 22. Qh5 g6 23. Qh3 b5 24. Be2 a6 25.
Rd1 Rxd1+ 26. Bxd1 Qd5 27. Be2 Kg7 28. Qg4 Bf6 29. Qf3 Qd2 30. Bf1 h5 31. h4 Qxa2 32. Qd5 Qc2 33. Be5 Ne6 34. Bxf6+ Kxf6 35. b4 Qc3 36. Qd6 Qe5 37. Qxa6 Qe4 38. Qxb5 Qxh4 39. Qc4 Qg5+ 40. Bg2 h4 41. Kf1 Qh5 42. Bh3 Ng5 43.
Qc6+ Kg7 44. Qc3+ Kh7 45. Qc8 Qd1+ 46. Kg2 Qf3+ 47. Kh2 Qxf2+ 48. Kh1 Nf3 49. Bg2 Qg1# 0-1

[Event "Early-Titled-Tuesday-Blitz-February-06-2024"]
[Site "Chess.com"]
[Date "2024.02.06"]
[Round "3"]
[White "DavidGavrilescu18"]
[Black "FLYD"]
[Result "1-0"]
[WhiteElo "2776"]
[BlackElo "2067"]
[TimeControl "180+1"]
[EndTime "8:27:06 PST"]
[Termination "DavidGavrilescu18 won by resignation"]

1. e4 c5 2. Nf3 d6 3. d4 cxd4 4. Qxd4 a6 5. h3 Nf6 6. Be2 Nc6 7. Qe3 g6 8. O-O Bg7 9. Rd1 Nd7 10. c4 O-O 11. Nc3 b6 12. b3 Bb7 13. Bb2 Rc8 14.
Rac1 Nc5 15. Ba1 Kh8 16. Nd5 Bxa1 17. Rxa1 e5 18. Rd2 Rb8 19. Rad1 Ne6 20. Qxb6 Ncd4 21. Qxd8 Rfxd8 22. Nxd4 Nxd4 23. Nc3 f5 24. exf5 gxf5 25. Bf1 Rg8 26. Kh2 f4 27. Rxd4 exd4 28. Rxd4 f3 29. g4 Rg6 30. Bd3 Rf6 31. Kg3 h6 32. Be4 Re6 33. Bxb7 Rxb7 34. Ne4 Rb6 35. Kxf3 a5 36. Kg3 a4 37. bxa4 Rb4 38. Nxd6 Rxa4 39. Nf5 Rxa2 40. Rd8+ Kh7 41. Rd7+ Kh8 42. c5 Rc2 43. Nd4 Rc3+ 44.
f3 Rf6 45. c6 Rc4 46. c7 Rf8 47. Ne6 1-0

[Event "Early-Titled-Tuesday-Blitz-February-06-2024"]
[Site "Chess.com"]
[Date "2024.02.06"]
[Round "3"]
[White "BogdanDeac"]
[Black "ArturoCaceres"]
[Result "1-0"]
[WhiteElo "3020"]
[BlackElo "2514"]
[TimeControl "180+1"]
[EndTime "8:27:06 PST"]
[Termination "BogdanDeac won by resignation"]

1. b3 d5 2. Bb2 c5 3. e3 Nc6 4. Bb5 Bd7 5. Nf3 a6 6. Bxc6 Bxc6 7. Ne5 Qc7 8. Qh5 g6 9. Qf3 Nf6 10. Nxc6 Qxc6 11. Bxf6 Qxf6 12. Qxf6 exf6 13. Nc3 Rd8 14.
Ne2 f5 15. c3 Bg7 16. d4 b6 17. h4 h6 18. Kd2 Ke7 19. Kd3 Rd7 20. a4 Rc8 21.
Ra2 Rdc7 22. g3 Kd6 23. Rd1 Bf6 24. Kd2 a5 25. Rh1 h5 26. Rd1 Rc6 27. Ke1 Bg7 28. Rad2 c4 29. Rb2 cxb3 30. Rxb3 Bh6 31. Rdb1 Kc7 32.
Rb5 Rd8 33. Kd2 Rdd6 34. Kd3 Kd7 35. Ng1 f6 36. Nf3 g5 37. hxg5 Bxg5 38. Rh1 Rc4 39. Ra1 Kc7 40. Nd2 Rcc6 41. Rh1 Kb7 42. Rxh5 Rc7 43. f4 Rdc6 44. Rb3 Rc4 45. Ra3 R4c6 46. fxg5 fxg5 47. Rxg5 Rf6 48. Rb3 Re7 49. Rb5 Kc6 50.
Nf3 Re4 51. Ne5+ Kc7 52. Rxd5 1-0

[Event "Early-Titled-Tuesday-Blitz-February-06-2024"]
[Site "Chess.com"]
[Date "2024.02.06"]
[Round "3"]
[White "maximnovik"]
[Black "Sam_ChessMood"]
[Result "0-1"]
[WhiteElo "2605"]
[BlackElo "2907"]
[TimeControl "180+1"]
[EndTime "8:27:08 PST"]
[Termination "Sam_ChessMood won on time"]

1. e4 c5 2. Nf3 e6 3. c3 d5 4. e5 d4 5. cxd4 cxd4 6. Bd3 Bd7 7.
O-O Bc6 8. Re1 Ne7 9. Be4 d3 10. Nc3 Ng6 11. b3 Be7 12. Bb2 O-O 13. Re3 Bxe4 14.
Nxe4 Nc6 15. g3 Qd5 16. Nc3 Qd7 17. Qf1 Rfd8 18. Rae1 Bc5 19. Re4 Nb4 20. Na4 Be7 21.
Rd4 Qc6 22. Ree4 Nc2 23. Rc4 Qd7 24. Nc5 Qd5 25. Nxd3 b5 26. Rxc2 Qxe4 27. Nde1 a6 28. d3 Qd5 29. Qe2 Rac8 30. Rxc8 Rxc8 31. h4 h6 32. h5 Nf8 33. Ng2 Qc6 34. Nf4 Qc2 35. Bd4 Qxe2 36. Nxe2 Rc2 0-1

[Event "Early-Titled-Tuesday-Blitz-February-06-2024"]
[Site "Chess.com"]
[Date "2024.02.06"]
[Round "3"]
[White "NtcPou"]
[Black "cthake"]
[Result "1-0"]
[WhiteElo "2020"]
[BlackElo "1789"]
[TimeControl "180+1"]
[EndTime "8:27:08 PST"]
[Termination "NtcPou won on time"]

1. e4 c5 2. Nf3 Nc6 3. Bb5 d6 4. O-O a6 5. Bxc6+ bxc6 6. Re1 e5 7. c3 Nf6 8. d4 cxd4 9. cxd4 Bg4 10. dxe5 Bxf3 11.
Qxf3 dxe5 12. Bg5 Be7 13. Na3 Rb8 14. Nc4 Qc7 15. Rac1 O-O 16. b3 h6 17. Bh4 Rfd8 18. Bg3 Nd7 19. Qf5 g6 20. Qg4 Kg7 21. h4 h5 22. Qf3 Bf6 23. Qe3 Nf8 24. Qc3 Rd4 25.
f3 Ne6 26. Na5 c5 27. Bf2 Rb5 28. Nc4 Rd7 29. Ne3 Nd4 30. Nd5 Qd8 31. a4 Rxb3 32. Qxc5 Bxh4 33. Bxd4 exd4 34. Qxd4+ Bf6 35. Qxf6+ Qxf6 36. Nxf6 Kxf6 37. Rc6+ Kg7 38. Re2 a5 39. Ra6 Rb1+ 40.
Kf2 1-0

[Event "Early-Titled-Tuesday-Blitz-February-06-2024"]
[Site "Chess.com"]
[Date "2024.02.06"]
[Round "3"]
[White "OK97"]
[Black "Semetey"]
[Result "0-1"]
[WhiteElo "2826"]
[BlackElo "2644"]
[TimeControl "180+1"]
[EndTime "8:27:09 PST"]
[Termination "Semetey won on time"]

1. e4 c5 2. Nc3 d6 3. f4 g6 4. Nf3 Bg7 5. Bb5+ Nc6 6. Bxc6+ bxc6 7.
d3 Nf6 8. O-O O-O 9. Qe1 Bg4 10. Kh1 Bxf3 11. Rxf3 Rb8 12. b3 e6 13. Bd2 d5 14. e5 Nd7 15. Na4 f6 16. exf6 Qxf6 17.
Rd1 Rbe8 18. Qg1 Qe7 19. Rff1 Qd6 20. Be3 d4 21. Bc1 e5 22. fxe5 Bxe5 23. Nb2 Qd5 24. Nc4 Bc7 25. Bh6 Rxf1 26. Rxf1 Qh5 27. Bf4 Bxf4 28.
Rxf4 Re2 29. h3 Rxc2 30. Nd6 Qe2 31. Re4 Qd2 32. Re8+ Nf8 33. Ne4 Qf4 0-1

[Event "Early-Titled-Tuesday-Blitz-February-06-2024"]
[Site "Chess.com"]
[Date "2024.02.06"]
[Round "3"]
[White "Sanan_Sjugirov"]
[Black "tandaleo"]
[Result "0-1"]
[WhiteElo "2977"]
[BlackElo "2528"]
[TimeControl "180+1"]
[EndTime "8:27:11 PST"]
[Termination "tandaleo won by resignation"]

1. e4 e5 2. Nf3 Nc6 3. Bb5 a6 4. Ba4 d6 5. O-O Bd7 6. c4 Nf6 7. Nc3 Bg4 8. h3 Bxf3 9. Qxf3 Be7 10. Bxc6+ bxc6 11. d3 O-O 12. Be3 c5 13. Qe2 Nd7 14. f4 exf4 15. Bxf4 Bf6 16. Kh1 Bxc3 17. bxc3 Qe7 18.
Qg4 Ne5 19. Qg3 Ng6 20. Bg5 Qe6 21. Rf5 Rab8 22. h4 f6 23. Be3 Ne7 24. Rf3 f5 25.
Rf4 Ng6 26. Rxf5 Rxf5 27. exf5 Qxf5 28. Bg5 h6 29. Bd2 Rb2 30. Rd1 Qh5 31. Qf3 Qxf3 32. gxf3 Nxh4 33. Bc1 Rxa2 34. Rf1 Rc2 35. d4 Nxf3 36.
Rxf3 Rxc1+ 37. Kg2 cxd4 38. cxd4 Rxc4 0-1

[Event "Early-Titled-Tuesday-Blitz-February-06-2024"]
[Site "Chess.com"]
[Date "2024.02.06"]
[Round "3"]
[White "NelsonLinda"]
[Black "kai_nov"]
[Result "1-0"]
[WhiteElo "2581"]
[BlackElo "2296"]
[TimeControl "180+1"]
[EndTime "8:27:11 PST"]
[Termination "NelsonLinda won by checkmate"]

1. b3 d5 2. Bb2 c5 3. e3 Nc6 4. Nf3 f6 5. d4 cxd4 6. exd4 Bg4 7.
Be2 Bxf3 8. Bxf3 e6 9. O-O Bd6 10. Re1 Kf7 11. c4 dxc4 12. bxc4 Bb4 13. Re3 Nge7 14. Rd3 Qb6 15. Nc3 Rad8 16. Na4 Qa5 17. d5 exd5 18. cxd5 Ne5 19. Bxe5 fxe5 20. Nb2 b5 21. Be4 Ng8 22. Qh5+ g6 23. Bxg6+ hxg6 24. Qxh8 Bc3 25. Qh7+ Kf6 26. Rf3+ Kg5 27. h4+ Kg4 28.
Qxg6+ Kxh4 29. Rh3# 1-0